[Event "AI Cup Div-2 2023"]
[Site "Online"]
[Date "2023.09.28"]
[Round "56.2"]
[White "Kuzubov, Yuriy"]
[Black "Artemiev, Vladislav"]
[Result "1/2-1/2"]
[ECO "E36"]
[WhiteElo "2625"]
[BlackElo "2697"]
[Annotator "TA"]
[PlyCount "133"]
[EventDate "2023.09.18"]
[EventType "k.o."]
[EventCountry "NET"]
[SourceTitle "playchess.com"]
[Source "ChessBase"]
[SourceQuality "1"]
[TimeControl "900+3"]

1. d4 Nf6 2. c4 e6 3. Nc3 Bb4 4. Qc2 d5 5. a3 Bxc3+ 6. Qxc3 b6 7. cxd5 {[%emt 0:00:17] E36: Nimzo-Indian: Classical: 4...d5 5 a3.} Ne4 8. Qc2 exd5 9. Bf4 {[%emt 0:00:16] White is slightly better.} c5 ({Resist} 9... Qh4 10. e3 $16 (10. Bxc7 $2 {is a self mate.} Qxf2+ 11. Kd1 Qxf1#)) 10. f3 Ng5 11. dxc5 {[%emt 0:00:22] [#] And now c6 would win.} bxc5 $146 ({Predecessor:} 11... Ne6 12. Bxb8 Rxb8 13. Qa4+ Qd7 14. c6 Qc7 15. e3 O-O 16. Ne2 Nc5 17. Qc2 Qxc6 18. Nd4 Qh6 19. Kf2 Re8 {½-½ L'Ami,E (2610)-Timman,J (2562) Staunton Memorial 6th 2008 (10)}) 12. Bxg5 (12. Qxc5 {with more complications.} Ne6 13. Qb5+ Bd7 14. Qxd5 Nc6 15. Nh3) 12... Qxg5 13. Qxc5 Nd7 14. Qd4 O-O $1 15. e3 Re8 16. Kf2 Ne5 17. Ne2 Rb8 18. Nf4 (18. b4 $14) 18... Nc6 (18... Qh4+ $1 $11 19. Kg1 Qg5) 19. Qd2 (19. Qc3 $14 {might be stronger.} Bb7 20. h4) 19... Qf6 (19... d4 $11 20. exd4 Qf6) 20. Nxd5 $14 Qxb2 21. Qxb2 (21. Ra2 {feels hotter.} Qe5 22. Rc2 h6 23. Be2) 21... Rxb2+ 22. Kg3 Ne7 23. Nxe7+ Rxe7 24. Rc1 Be6 25. e4 Rb3 (25... h5 $14) 26. a4 $16 Ra3 27. Bb5 g6 28. Rc6 Ra2 29. Rd1 Bb3 30. Rd4 Kg7 31. h4 h5 32. Rc3 Be6 33. Rd6 Rb7 34. f4 (34. Rcd3 $16) 34... Re7 35. Rd4 Bg4 36. Bd3 Rd2 37. Rd5 Be6 38. Rd6 Ra2 $2 (38... a5 $14) 39. f5 $18 Rd7 40. Rdc6 (40. fxe6 $18 Rxd6 41. e7) 40... gxf5 $11 {[%emt 0:00:02] The position is equal.} 41. exf5 Rxg2+ $1 {[%emt 0:00:04][%mdl 64] [#] Decoy} 42. Kxg2 Bd5+ 43. Kf2 {[%emt 0:00:01] Intending f6+ and mate.} Bxc6 {[%emt 0:00:01][%mdl 4096] Endgame KRB-KRB} 44. f6+ Kh6 45. Ke3 Rd6 (45... Bxa4 $2 46. Rc8 Rxd3+ 47. Kxd3 $16) 46. Rc1 Bxa4 47. Ra1 Bb3 48. Ra3 Bd5 49. Ra5 Bc6 50. Bc4 Rxf6 51. Rxa7 Kg7 52. Rc7 Bf3 53. Bxf7 Rxf7 54. Rxf7+ {[%emt 0:00:00][%mdl 64] [#] Remove Defender} Kxf7 55. Kxf3 {[%emt 0:00:00] KP-KP} Ke6 56. Ke4 Kf6 57. Kf4 Kg6 58. Ke5 $1 Kg7 59. Kf5 Kg8 60. Kg6 Kh8 61. Kxh5 {[%emt 0:00:00] KP-K} Kg7 62. Kg5 Kh8 63. h5 $1 Kg8 64. h6 Kh8 65. Kg6 Kg8 66. h7+ Kh8 67. Kh6 {[%emt 0:00:00] Weighted Error Value: White=0.14 (very precise) /Black=0.15 (very precise)} 1/2-1/2